 Dungeon Crawl Stone Soup version 0.24.0-2-g5b39cebb1c (webtiles) character file.

Game seed: 16802885164277435881, levelgen mode: deterministic

357 Inarius the Chopper (level 6, -13/47 HPs)
             Began as a Mummy Wanderer on Oct 29, 2019.
             Mangled by an ogre
             ... wielding a +0 giant club
              (28 damage)
             ... on level 5 of the Dungeon.
             The game lasted 00:05:38 (4488 turns).

Inarius the Chopper (Mummy Wanderer)                Turns: 4488, Time: 00:05:38

Health: -13/47     AC: 10    Str: 20    XL:     6   Next: 37%
Magic:  6/6        EV:  7    Int: 12    God:
Gold:   222        SH:  0    Dex:  8    Spells: 5/5 levels left

rFire    . . .     SeeInvis .   a - +2 hand axe
rCold    + + +     Gourm    .   (no shield)
rNeg     + + +     Faith    .   d - +0 chain mail
rPois    ∞         Spirit   .   (no helmet)
rElec    .         Reflect  .   h - scarf {rC+ rF+}
rCorr    .         Harm     .   i - +0 pair of gloves
MR       .....                  (no boots)
Stlth    ..........             (no amulet)
HPRegen  0.15/turn              c - ring of protection from cold
MPRegen  0.10/turn              (no ring)

@: no status effects
A: no food or potions, fire vulnerability, cold resistance 1, negative energy
resistance 3, torment resistance, unbreathing
a: no special abilities


You were on level 5 of the Dungeon.
You were not hungry.

You visited 1 branch of the dungeon, and saw 5 of its levels.

You collected 222 gold pieces.

Inventory:

Hand Weapons
 a - a +2 hand axe (weapon)
Missiles
 k - 5 javelins (quivered)
Armour
 d - a +0 chain mail (worn)
 h - a scarf of resistance (worn)
 i - a +0 pair of gloves (worn)
Jewellery
 c - a ring of protection from cold (left hand)
Scrolls
 b - 3 scrolls of teleportation
 e - a scroll of fog
 f - a scroll of remove curse
 g - a scroll of enchant armour {unknown}
 j - a scroll of blinking
 l - 2 scrolls of amnesia


   Skills:
 + Level 3.1 Fighting
 * Level 4.5 Axes
 + Level 2.8 Armour
 + Level 0.8 Dodging
 - Level 1.0 Stealth
 - Level 1.5 Unarmed Combat
   Level 1.0 Evocations


You had 5 spell levels left.
You didn't know any spells.
Your spell library was empty.

Dungeon Overview and Level Annotations

Branches:
Dungeon (5/15)
 Temple: D:4-7

Altars:
Fedhas
Ru
Yredelemnul


Innate Abilities, Weirdness & Mutations

You do not eat or drink.
Your flesh is vulnerable to fire.
You are immune to poison.
Your flesh is cold resistant. (rC+)
You are immune to negative energy. (rN+++)
You are immune to unholy pain and torment.
You can survive without breathing.


Message History

Press: ? - help, Shift-Dir - straight line, f/p - ogre
Aim: an ogre, wielding a +0 giant club (moderately wounded)
You throw a javelin. The javelin pierces through the ogre!
The ogre is heavily wounded.
The ogre closely misses you.
You barely miss the ogre.
The ogre is heavily wounded.
Your chain mail prevents you from hitting the ogre.
The ogre is heavily wounded.
The ogre hits you with a +0 giant club!
You closely miss the ogre.
The ogre is heavily wounded.
The ogre hits you with a +0 giant club!!
You are too injured to fight recklessly!
You are too injured to fight recklessly!
You hit the ogre.
The ogre is severely wounded.
The ogre hits you with a +0 giant club!!
Ouch! That really hurt!
You die...

####.####
#@......>
#O##.####
#.# ...
#.# #.#
#.# #(#


You could see an ogre.

Vanquished Creatures
  Blork the orc (D:4)
  A hound (D:3)
  An orc priest (D:4)
  2 orc wizards (D:4)
  A gnoll (D:3)
  5 adders
  2 oozes (D:1)
  An adder skeleton (D:4)
  4 worms (D:3)
  4 dart slugs
  2 leopard geckos (D:3)
  3 orcs
  3 ball pythons
  8 bats
  3 giant cockroaches
  6 hobgoblins
  9 jackals
  7 kobolds
  3 quokkas
  6 frilled lizards
  9 goblins
  8 rats
89 creatures vanquished.

Notes
Turn   | Place    | Note
-------+----------+-------------------------------------------
     0 | D:1      | Inarius the Mummy Wanderer began the quest for the Orb.
     0 | D:1      | Inarius set off with the following items: a +2 hand axe, 2
                  | scrolls of teleportation, a +0 robe
     0 | D:1      | Reached XP level 1. HP: 16/16 MP: 1/1
   112 | D:1      | Reached XP level 2. HP: 21/23 MP: 2/2
   215 | D:1      | Reached skill level 2 in Axes
   226 | D:1      | HP: 1/23 [jackal (2)]
   789 | D:1      | Reached XP level 3. HP: 26/28 MP: 3/3
  1525 | D:2      | Reached skill level 3 in Axes
  1525 | D:2      | Reached XP level 4. HP: 31/34 MP: 4/4
  2866 | D:3      | Reached XP level 5. HP: 26/39 MP: 5/5
  3454 | D:4      | Noticed Blork the orc
  3815 | D:4      | Killed Blork the orc
  3815 | D:4      | Reached skill level 4 in Axes
  3934 | D:4      | Found a basalt altar of Yredelemnul.
  3934 | D:4      | Found a sacrificial altar of Ru.
  4036 | D:4      | Found a blossoming altar of Fedhas.
  4154 | D:4      | Reached XP level 6. HP: 46/47 MP: 6/6
  4482 | D:5      | Entered Level 5 of the Dungeon
  4488 | D:5      | Mangled by an ogre

Levels and vault maps discovered:
D:1:      shiori_arrival_maze, layout_basic
D:2:      layout_loops_ring
D:3:      layout_basic, nicolae_overflow_hidden_temple, first_ration,
          kennysheep_generic_room_2
D:4:      layout_basic, grunt_temple_overflow_open, fedhas_altar_3,
          uniq_blork_the_orc
D:5:      layout_loops_ring, minmay_temple_entry_proselytizer, uniq_ijyb,
          uniq_menkaure

Skill      XL: |  1  2  3  4  5 |
---------------+----------------+-----
Axes           | 2 3 4 |  4.5
Armour         | 2 |  2.8
Fighting       | 3 |  3.1
Dodging        | |  0.8
Stealth        | |  1.0
Unarmed Combat | |  1.5
Evocations     | |  1.0

Action                   |  1- 3 |  4- 6 || total
-------------------------+-------+-------++-------
Melee: Hand axe          |   113 |   176 ||   289
       Punch             |       |     1 ||     1
Throw: Javelin           |       |     2 ||     2
Evoke: Wand              |       |    10 ||    10
  Use: Scroll            |       |     5 ||     5
Armor: Robe              |     9 |       ||     9
       Ring mail         |    25 |     6 ||    31
       Leather armour    |     1 |       ||     1
       Chain mail        |       |    77 ||    77
Dodge: Dodged            |    63 |    64 ||   127
